 Dungeon Crawl Stone Soup version 0.18-a0-1343-g48c8f86 (webtiles) character file.

314719 Duffy the Spry (level 20, 168/168 HPs)
             Began as a Yellow Draconian Fighter on Feb 16, 2016.
             Was the Champion of Ashenzari.
             Quit the game in a bazaar.
             The game lasted 02:21:14 (63183 turns).

Duffy the Spry (Yellow Draconian Fighter)          Turns: 63183, Time: 02:21:14

Health: 168/168    AC: 21    Str: 21    XL:     20   Next: 11%
Magic:  7/20       EV: 33    Int:  8    God:    Ashenzari [******]
Gold:   466        SH: 14    Dex: 16    Spells: 5 memorised, 12 levels left

rFire  + . .     SeeInvis +     a - +8 autumn katana {slice, Clar} (curse)
rCold  x . .     Gourm    .     (armour unavailable)
rNeg   . . .     Faith    +     Z - +0 shield {reflect} (curse)
rPois  +         Spirit   .     f - +3 crown of Dyrovepreva {rElec Int+2 SInv} (curse)
rElec  +         Dismiss  .     l - +2 cloak {+Inv} (curse)
rCorr  +         Reflect  +     o - +1 pair of gloves (curse)
SustAt .         Harm     .     K - +2 pair of boots (curse)
MR     +....     Clarity  +     J - amulet of faith (curse)
Stlth  ++........               Y - ring of Otiymn {Fire rPois}
                                j - +4 ring of evasion (curse)

@: heavily contaminated, glowing, somewhat resistant to hostile enchantments,
unstealthy
A: spit acid, acid resistance, unfitting armour, berserk 2, blurry vision 2,
dopey 2, frail 1, low mp 3, poison resistance, acidic bite, no device heal 1,
cold-blooded, AC +10
a: Spit Acid, Curse Item, Scrying, Transfer Knowledge, Renounce Religion, Evoke
Invisibility
}: 3/15 runes: serpentine, barnacled, abyssal


You were in a bazaar.
You worshipped Ashenzari.
Ashenzari was exalted by your worship.
You were not hungry.

You visited 6 branches of the dungeon, and saw 36 of its levels.
You visited the Abyss 1 time.
You visited 1 bazaar.

You collected 3868 gold pieces.
You spent 3402 gold pieces at shops.


Innate Abilities, Weirdness & Mutations

You can spit globs of acid.
You are resistant to acid.
Your golden yellow scales are hard (AC +10).
Your body does not fit into most forms of armour.
You have acidic saliva.
You are cold-blooded and may be slowed by cold attacks.
You are frail (-10% HP).
Your system is resistant to poisons.
[You often lose your temper in combat.]
[Scrolls take you longer to read.]
[You are very dopey. (Int -4)]
[Your magical capacity is extremely low (-30% MP).]
[Potions and wands are less effective at restoring your health.]


   Skills:
 - Level 18.0 Fighting
 - Level 14.0(18.0) Long Blades
 - Level 19.6(23.1) Dodging
 - Level 5.0(9.4) Stealth
 - Level 12.8(15.4) Shields
 + Level 6.6 Spellcasting
 - Level 5.0(8.0) Hexes
 * Level 8.9(11.8) Charms
 - Level 7.5(10.6) Necromancy
 - Level 4.0(6.8) Translocations
 - Level 10.0(12.8) Evocations


You had 12 spell levels left.
You knew the following spells:

 Your Spells              Type           Power        Failure   Level  Hunger
a - Summon Hydra          Summ           #.........   100%        7    #######
j - Regeneration          Chrm/Necr      ###.......   1%          3    ###....
l - Spectral Weapon       Hex/Chrm       ###.....     1%          3    ###....
n - Apportation           Tloc           ##........   1%          1    None
H - Haste                 Chrm           ###.....     28%         6    #######

Inventory:

Hand Weapons
 a - the cursed +8 autumn katana (weapon) {slice, Clar}

   It inflicts extra damage upon your enemies.
   It protects you against confusion.
   It has a curse placed upon it.
Missiles
 O - 11 throwing nets (quivered)
Armour
 f - the cursed +3 crown of Dyrovepreva (worn) {rElec Int+2 SInv}

   It affects your intelligence (+2).
   It insulates you from electricity.
   It lets you see invisible.
   It has a curse placed upon it.
 l - a cursed +2 cloak of invisibility (worn)
 o - a cursed +1 pair of gloves (worn)
 K - a cursed +2 pair of boots (worn)
 Z - a cursed +0 shield of reflection (worn)
Jewellery
 j - a cursed +4 ring of evasion (left hand)
 F - an uncursed ring of sustain attributes
 J - a cursed amulet of faith (around neck)
 S - an uncursed ring of protection from cold
 V - a +3 ring of protection
 Y - the ring of Otiymn (right hand) {Fire rPois}

   [ring of fire]

   It enhances your fire magic, and weakens your ice magic.
   It protects you from fire.
   It makes you vulnerable to cold.
   It protects you from poison.
Scrolls
 h - 9 scrolls of blinking
 n - 3 scrolls of immolation
 s - 6 scrolls of fear
 t - 6 scrolls of fog
 y - 3 scrolls of magic mapping
 A - 9 scrolls of recharging
 E - 4 scrolls of enchant weapon
 M - 7 scrolls of remove curse
 N - 3 scrolls of holy word
 P - 4 scrolls of identify
Potions
 c - 3 potions of might
 i - 5 potions of agility
 k - 4 potions of magic
 m - 5 potions of ambrosia
 q - 2 potions of invisibility
 r - 4 potions of heal wounds
 u - 17 potions of curing
 z - 7 potions of haste
 B - 2 potions of resistance
 G - 3 potions of cancellation
 H - 7 potions of brilliance
 I - a potion of flight
 U - a potion of cure mutation
Books
 v - a book of Enchantments
 w - a book of Beasts
Miscellaneous
 b - a fan of gales
 L - a box of beasts
 X - 2 phantom mirrors
Comestibles
 d - 12 bread rations
 g - 10 meat rations

Dungeon Overview and Level Annotations

Branches:
Dungeon (15/15)            Temple (0/1) D:7            Lair (8/8) D:8
 Shoals (4/4) Lair:5        Snake (4/4) Lair:6        Slime (0/6) Lair:8
    Orc (2/2) D:11            Elf (0/3) Orc:2        Vaults (3/5) D:14
  Crypt (0/3) Vaults:2     Depths (0/5) D:15

Altars:
Ashenzari
Dithmenos
Elyvilon
Fedhas
Kikubaaqudgha
Makhleb
Okawaru
Pakellas
Qazlal
Ru
Sif Muna
Trog
Vehumet
Xom
Yredelemnul
The Shining One

Shops:
D:9 !   D:10 [   D:11 (   Orc:2 ?(*   Shoals:2 %   Vaults:2 [

Portals:
Hell: Lair:8
Pandemonium: Orc:2
Trove: D:12 (give +5 demon blade)


Message History

No target in view!
No target in view!
No target in view!
No target in view!
No target in view!
No target in view!
No target in view!
No target in view!
No target in view!
You feel less contaminated with magical energies.
Magic restored.
HP restored.
Done exploring.
Done exploring.
Done exploring.
Done exploring.
Cast which spell? (? or * to list)
You miscast Summon Hydra.
You are contaminated with residual magic.
The dungeon shakes, a horrible noise fills the air, and a portal to some otherworldly place is opened!
Cast which spell? (? or * to list)
You miscast Summon Hydra.
You feel more contaminated with magical energies.
Something turns its malign attention towards you...
Cast which spell? (? or * to list)
You don't have enough magic to cast that spell.
Cast which spell? (? or * to list)
You don't have enough magic to cast that spell.
You open the door.
An eldritch tentacle comes into view.
The neqoxec misses you.
There is an open door here.
You block the eldritch tentacle's attack.
The eldritch tentacle completely misses you.
Are you sure you want to abandon this character and quit the game? (Confirm with "yes".)

######### ##......}##
##.........##
#######.....\.....#######
###....P##.....*...##.....###
##........##...3|..##........##
#P....\....####w####....\....}#
##........##}..@..}##........##
##.....}##.........##P....###
###....'.....\.....'....##
##.....P##.........##}....###
##........##P.....}##........##
#.....\....####'####....\....P#
##........##.......##........##
###....}##.........##}....###
#######.....\.....#######


You could see an eldritch tentacle and a neqoxec.

Action                   |  1- 3 |  4- 6 |  7- 9 | 10-12 | 13-15 | 16-18 | 19-21 || total
-------------------------+-------+-------+-------+-------+-------+-------+-------++-------
Melee: Long sword        |   140 |   199 |   608 |   228 |       |       |       ||  1175
       Scimitar          |       |       |       |   919 |  1811 |       |       ||  2730
       Katana            |       |       |       |       |   175 |  1914 |   813 ||  2902
 Cast: Regeneration      |       |       |       |       |     2 |    35 |    36 ||    73
       Spectral Weapon   |       |       |       |       |       |    21 |     3 ||    24
       Apportation       |       |       |       |       |       |       |     4 ||     4
Invok: Curse Item        |     1 |       |     1 |     1 |     3 |     1 |     2 ||     9
 Abil: Spit Acid         |       |       |    14 |     2 |       |       |       ||    16
       Evoke Invisibilit |       |       |       |     6 |     6 |     9 |     1 ||    22
       Turn Visible      |       |       |       |     5 |     2 |     4 |     1 ||    12
Evoke: Wand              |       |       |       |       |     5 |     5 |     2 ||    12
  Use: Scroll            |       |     8 |     3 |     9 |     8 |     9 |    11 ||    48
       Potion            |       |     1 |     1 |     6 |     3 |     2 |     6 ||    19
 Stab: Sleeping          |       |       |     1 |     3 |     7 |    12 |     9 ||    32
       Distracted        |       |       |       |     2 |     2 |     7 |     1 ||    12
       Invisible         |       |       |       |    16 |    26 |    42 |     7 ||    91
       Confused          |       |       |       |       |       |     2 |       ||     2
  Eat: Chunk             |     4 |     6 |    15 |    30 |    43 |    46 |    11 ||   155
       Meat ration       |       |     1 |     1 |     1 |     1 |       |     1 ||     5
       Royal jelly       |       |       |       |     2 |     2 |     1 |       ||     5
       Pizza             |       |       |       |     2 |       |     2 |     1 ||     5
       Beef jerky        |       |       |       |     1 |     2 |     3 |     2 ||     8
       Fruit             |       |       |       |       |     8 |       |     3 ||    11
       Bread ration      |       |       |       |       |       |     2 |     3 ||     5

Notes
Turn   | Place    | Note
--------------------------------------------------------------
     0 | D:1      | Duffy the Draconian Fighter began the quest for the Orb.
     0 | D:1      | Reached XP level 1. HP: 19/19 MP: 1/1
   610 | D:1      | Reached XP level 2. HP: 24/26 MP: 2/2
  1259 | D:2      | Found a shattered altar of Ashenzari.
  1281 | D:2      | Became a worshipper of Ashenzari the Shackled
  1526 | D:2      | Reached XP level 3. HP: 31/31 MP: 3/3
  1707 | D:2      | Noticed Robin
  1713 | D:2      | Reached skill level 3 in Long Blades
  1718 | D:2      | Killed Robin
  2037 | D:3      | Reached skill level 4 in Shields
  2128 | D:3      | Reached XP level 4. HP: 29/38 MP: 4/4
  2750 | D:3      | Reached XP level 5. HP: 39/45 MP: 5/5
  2855 | D:3      | Reached skill level 4 in Long Blades
  3010 | D:3      | Noticed Natasha
  3024 | D:3      | Killed Natasha
  3315 | D:3      | Reached skill level 5 in Shields
  3342 | D:3      | Noticed Natasha
  3356 | D:3      | Killed Natasha
  3778 | D:4      | Reached XP level 6. HP: 47/51 MP: 6/6
  4031 | D:4      | Found a glowing golden altar of the Shining One.
  4097 | D:5      | Entered Level 5 of the Dungeon
  4103 | D:5      | Noticed an ice beast
  4417 | D:5      | Killed an ice beast
  4417 | D:5      | Reached skill level 5 in Long Blades
  4652 | D:5      | Noticed namelastname112's ghost (amateur DrGl)
  4684 | D:4      | Reached XP level 7. HP: 49/57 MP: 7/7
  5047 | D:6      | Found a shimmering altar of Xom.
  5125 | D:5      | Reached skill level 6 in Long Blades
  5361 | D:5      | Found a blossoming altar of Fedhas.
  5362 | D:5      | Reached * piety under Ashenzari
  5585 | D:5      | Killed namelastname112's ghost
  5585 | D:5      | Reached skill level 7 in Long Blades
  6002 | D:6      | Noticed Galewind's ghost (amateur DECj)
  6015 | D:6      | Killed Galewind's ghost
  6015 | D:6      | Reached skill level 8 in Long Blades
  6015 | D:6      | Reached XP level 8. HP: 33/63 MP: 8/8
  6559 | D:5      | Reached skill level 9 in Long Blades
  7066 | D:6      | Reached skill level 4 in Fighting
  7165 | D:6      | Found a white marble altar of Elyvilon.
  7472 | D:7      | Reached skill level 5 in Fighting
  7614 | D:7      | Found a bloodstained altar of Trog.
  7642 | D:7      | Reached skill level 10 in Long Blades
  7642 | D:7      | Reached XP level 9. HP: 50/75 MP: 9/9
  8072 | D:7      | Reached skill level 6 in Fighting
  8325 | D:7      | Found an iron altar of Okawaru.
  9025 | D:7      | Found a staircase to the Ecumenical Temple.
  9149 | D:7      | Noticed a cyclops
  9181 | D:8      | Reached skill level 7 in Fighting
  9548 | D:8      | Reached skill level 11 in Long Blades
  9566 | D:8      | Reached skill level 8 in Fighting
  9760 | D:8      | Found a staircase to the Lair.
  9935 | D:8      | Found a sacrificial altar of Ru.
 10011 | D:8      | Found a stormy altar of Qazlal.
 10616 | D:8      | Reached XP level 10. HP: 48/90 MP: 10/10
 10976 | D:9      | Found a radiant altar of Vehumet.
 10997 | D:9      | Found Xikong's Distillery.
 11352 | D:9      | Bought a potion of haste for 150 gold pieces
 11352 | D:9      | Bought a potion of agility for 60 gold pieces
 11389 | D:9      | Reached skill level 9 in Fighting
 11683 | D:9      | Noticed Psyche
 11695 | D:9      | Killed Psyche
 11740 | D:9      | Found an oddly glowing altar of Pakellas.
 11832 | D:9      | Reached skill level 12 in Long Blades
 11832 | D:9      | Reached skill level 3 in Dodging
 12087 | D:9      | Found a deep blue altar of Sif Muna.
 12478 | D:9      | Reached ** piety under Ashenzari
 12604 | D:9      | Reached skill level 4 in Dodging
 12667 | D:10     | Entered Level 10 of the Dungeon
 12667 | D:10     | Noticed a hill giant
 12678 | D:10     | Killed a hill giant
 12901 | D:10     | Reached skill level 5 in Dodging
 13095 | D:10     | Learned a level 1 spell: Apportation
 13101 | D:10     | Noticed a manticore
 13114 | D:10     | Killed a manticore
 13310 | D:10     | Noticed a gargoyle
 13327 | D:10     | Killed a gargoyle
 13676 | D:10     | Reached XP level 11. HP: 94/97 MP: 11/11
 13927 | D:10     | Reached skill level 13 in Long Blades
 14197 | D:10     | Found Sig Peos's Armour Shoppe.
 14606 | D:11     | Reached skill level 6 in Dodging
 14894 | D:11     | Found Wiguf's Weapon Shoppe.
 14936 | D:11     | Noticed a hill giant
 14960 | D:11     | Killed a hill giant
 15271 | D:11     | Noticed a cyan ugly thing
 15291 | D:11     | Killed a cyan ugly thing
 15291 | D:11     | Reached skill level 7 in Dodging
 15789 | D:11     | Found a staircase to the Orcish Mines.
 15869 | D:11     | Noticed a hill giant
 15876 | D:11     | Killed a hill giant
 15876 | D:11     | Reached skill level 1 in Evocations
 15936 | D:10     | Bought a +2 cloak of invisibility for 301 gold pieces
 16069 | Orc:1    | Entered Level 1 of the Orcish Mines
 16106 | Orc:1    | Noticed an orc knight
 16121 | D:11     | Reached skill level 2 in Evocations
 16362 | D:11     | Killed an orc knight
 16716 | Orc:1    | Reached skill level 14 in Long Blades
 16716 | Orc:1    | Reached skill level 3 in Evocations
 16815 | Orc:1    | Reached skill level 4 in Evocations
 16977 | Orc:1    | Noticed an orc sorcerer
 17020 | Orc:1    | Noticed an orc high priest
 17055 | Orc:1    | Killed an orc sorcerer
 17231 | Orc:1    | Killed an orc high priest
 17231 | Orc:1    | Reached skill level 5 in Evocations
 17699 | D:12     | Found a portal to a secret trove of treasure.
 17717 | D:12     | Reached skill level 6 in Evocations
 17717 | D:12     | Reached XP level 12. HP: 88/105 MP: 16/16
 17915 | D:11     | Noticed namelastname112's ghost (journeyman FoMo)
 18004 | D:10     | Bought the +3 crown of Dyrovepreva {rElec Int+2 SInv} for 579 gold pieces
 18238 | Lair:1   | Entered Level 1 of the Lair of Beasts
 18825 | Lair:1   | Reached skill level 7 in Evocations
 19302 | Lair:2   | Learned a level 3 spell: Regeneration
 19306 | Lair:2   | Learned a level 3 spell: Spectral Weapon
 19381 | Lair:2   | Reached *** piety under Ashenzari
 20290 | Lair:3   | Noticed a four-headed hydra
 20299 | Lair:3   | Upgraded the game from 0.18-a0-1323-g706dcef to 0.18-a0-1343-g48c8f86
 20414 | Lair:2   | Reached skill level 10 in Fighting
 20591 | Lair:3   | Reached skill level 8 in Dodging
 20887 | Lair:3   | Reached skill level 9 in Dodging
 21544 | Lair:3   | Reached skill level 10 in Dodging
 21598 | Lair:3   | Reached skill level 6 in Shields
 21983 | Lair:4   | Noticed Harold
 22000 | Lair:4   | Killed Harold
 22000 | Lair:4   | Reached skill level 7 in Shields
 22459 | Lair:4   | Reached **** piety under Ashenzari
 22580 | Lair:4   | Gained mutation: Your system is resistant to poisons. [potion of beneficial mutation]
 22709 | Lair:4   | Reached XP level 13. HP: 113/113 MP: 18/18
 23055 | Lair:5   | Noticed Josephine
 23094 | Lair:4   | Killed Josephine
 23477 | Lair:5   | Found a staircase to the Shoals.
 24245 | D:12     | Noticed Erolcha
 24259 | D:12     | Killed Erolcha
 24295 | D:12     | Noticed Rupert
 24626 | D:12     | Noticed Azrael
 24914 | D:11     | Killed namelastname112's ghost
 25381 | D:12     | Killed Azrael
 25381 | D:12     | Reached skill level 11 in Fighting
 25580 | D:10     | Bought a +2 pair of boots for 231 gold pieces
 26349 | Lair:5   | Reached skill level 11 in Dodging
 27015 | Lair:6   | Reached skill level 12 in Fighting
 27184 | Lair:6   | Found a staircase to the Snake Pit.
 27745 | Lair:7   | Reached skill level 12 in Dodging
 27976 | Lair:7   | Reached skill level 1 in Necromancy
 28211 | Lair:7   | Reached skill level 1 in Spellcasting
 28211 | Lair:7   | Reached skill level 1 in Charms
 28432 | Lair:8   | Entered Level 8 of the Lair of Beasts
 28574 | Lair:8   | Gained mutation: You have acidic saliva. [Yellow Draconian growth]
 28574 | Lair:8   | Reached XP level 14. HP: 126/126 MP: 19/19
 28588 | Lair:8   | Reached skill level 2 in Necromancy
 28695 | Lair:8   | Reached ***** piety under Ashenzari
 28697 | Lair:8   | Reached skill level 2 in Charms
 28871 | Lair:8   | Reached skill level 3 in Necromancy
 28911 | Lair:8   | Reached skill level 2 in Spellcasting
 29051 | Lair:8   | Reached skill level 3 in Charms
 29064 | Lair:8   | Found a burning altar of Makhleb.
 29675 | Lair:8   | Reached skill level 4 in Necromancy
 29731 | Lair:8   | Found a gateway to Hell.
 29944 | Lair:8   | Reached skill level 4 in Charms
 30160 | Lair:7   | Reached skill level 3 in Spellcasting
 30262 | Lair:8   | Reached skill level 5 in Necromancy
 30617 | Lair:7   | Reached skill level 5 in Charms
 31053 | Lair:8   | Reached skill level 6 in Necromancy
 31228 | Lair:8   | Reached skill level 4 in Spellcasting
 31464 | Lair:8   | Reached skill level 6 in Charms
 31583 | Lair:8   | Found a staircase to the Slime Pits.
 32424 | Orc:2    | Entered Level 2 of the Orcish Mines
 32521 | Orc:1    | Reached skill level 7 in Necromancy
 33054 | Orc:2    | Paralysed by an orc sorcerer for 4 turns
 33072 | Orc:2    | Noticed an orc warlord
 33102 | Orc:1    | Killed an orc warlord
 33316 | Orc:1    | Reached skill level 7 in Charms
 33317 | Orc:1    | Reached XP level 15. HP: 128/133 MP: 21/21
 33599 | Orc:2    | Found a staircase to the Elven Halls.
 34604 | Orc:2    | Found Ecitoq's General Store.
 34606 | Orc:2    | Found Fialom's Magic Scroll Shoppe.
 34928 | Orc:2    | Reached skill level 13 in Dodging
 35979 | Orc:2    | Reached skill level 14 in Dodging
 36471 | Orc:2    | Found Lusul's Antique Weapon Boutique.
 36471 | Orc:2    | Found Zyadear's Book Shop.
 36471 | Orc:2    | Found a one-way gate leading to the halls of Pandemonium.
 36900 | D:12     | Noticed Maurice
 36911 | D:12     | Killed Maurice
 36911 | D:12     | Reached skill level 15 in Dodging
 37184 | D:12     | Killed Rupert
 37543 | D:13     | Noticed Snorg
 37556 | D:12     | Killed Snorg
 37971 | Orc:2    | Bought the +8 autumn katana {slice, Clar} for 1148 gold pieces
 38257 | D:12     | Reached skill level 16 in Dodging
 38339 | D:13     | Noticed Nessos
 38366 | D:13     | Killed Nessos
 38518 | D:13     | Noticed Kirke
 38532 | D:13     | Noticed a sphinx
 38534 | D:13     | Killed Kirke
 38534 | D:13     | Reached skill level 1 in Hexes
 38887 | D:13     | Reached skill level 2 in Hexes
 39349 | D:14     | Identified the ring of Otiymn {Fire rPois}
 39503 | D:14     | Found a gate to the Vaults.
 39512 | D:14     | Reached skill level 3 in Hexes
 39533 | D:14     | Reached skill level 4 in Hexes
 39553 | D:14     | Reached XP level 16. HP: 112/139 MP: 22/22
 39566 | D:14     | Reached skill level 5 in Hexes
 40226 | D:14     | Reached ****** piety under Ashenzari
 40330 | D:15     | Entered Level 15 of the Dungeon
 40423 | D:15     | Found a staircase to the Depths.
 40438 | D:15     | Reached skill level 13 in Fighting
 41297 | D:9      | Bought a potion of flight for 45 gold pieces
 41297 | D:9      | Bought a potion of might for 60 gold pieces
 41297 | D:9      | Bought a potion of flight for 45 gold pieces
 41442 | Shoals:1 | Entered Level 1 of the Shoals
 41909 | Orc:2    | Bought a scroll of remove curse for 48 gold pieces
 42258 | Shoals:1 | Reached skill level 14 in Fighting
 42610 | Shoals:1 | Reached skill level 8 in Shields
 43049 | Shoals:2 | Noticed a kraken
 43082 | Shoals:2 | Killed a kraken
 43556 | Shoals:2 | Reached skill level 9 in Shields
 43847 | Shoals:2 | Found Haopp's Food Emporium.
 43909 | Shoals:2 | Reached skill level 15 in Fighting
 44818 | Shoals:3 | Reached skill level 10 in Shields
 44885 | Shoals:3 | Reached skill level 1 in Translocations
 44912 | Shoals:3 | Reached skill level 2 in Translocations
 45003 | Shoals:3 | Reached skill level 3 in Translocations
 45417 | Shoals:3 | Reached XP level 17. HP: 137/156 MP: 23/23
 45618 | Shoals:3 | Reached skill level 4 in Translocations
 45630 | Shoals:3 | Reached skill level 1 in Stealth
 45640 | Shoals:4 | Entered Level 4 of the Shoals
 45671 | Shoals:4 | Reached skill level 2 in Stealth
 45983 | Shoals:4 | Reached skill level 3 in Stealth
 46117 | Shoals:4 | Noticed Ilsuiw
 46495 | Shoals:3 | Reached skill level 4 in Stealth
 46726 | Shoals:4 | Killed Ilsuiw
 46737 | Shoals:4 | Reached skill level 5 in Stealth
 47520 | Shoals:4 | Reached skill level 11 in Shields
 48401 | Shoals:4 | Noticed a kraken
 48598 | Shoals:4 | Got a barnacled rune of Zot
 48873 | Shoals:4 | Killed a kraken
 48873 | Shoals:4 | Reached skill level 12 in Shields
 49536 | Lair:6   | Identified the +8 broad axe "Arcanum" {antimagic, rPois}
 49866 | Snake:1  | Entered Level 1 of the Snake Pit
 50778 | Snake:1  | Found a shadowy altar of Dithmenos.
 50935 | Snake:2  | Reached skill level 16 in Fighting
 51235 | Snake:2  | Reached XP level 18. HP: 134/168 MP: 21/24
 51609 | Snake:2  | Noticed Vashnia
 51802 | Snake:3  | Reached skill level 17 in Fighting
 51935 | Snake:3  | Identified the ring "Ibyhoug" {*Tele rC+ Int+4}
 52211 | Snake:3  | Noticed Norris
 52248 | Snake:3  | Killed Norris
 52248 | Snake:3  | Reached skill level 5 in Spellcasting
 52623 | Snake:3  | Reached skill level 6 in Spellcasting
 52721 | Snake:4  | Entered Level 4 of the Snake Pit
 53083 | Snake:4  | Noticed M4edhros's ghost (adept FoAr)
 53103 | Snake:4  | Killed M4edhros's ghost
 53510 | Snake:4  | Reached skill level 18 in Fighting
 53723 | Snake:4  | Reached skill level 8 in Evocations
 53817 | Snake:4  | Reached skill level 9 in Evocations
 53922 | Snake:4  | Reached skill level 10 in Evocations
 54603 | Snake:4  | Got a serpentine rune of Zot
 54623 | Snake:4  | Reached skill level 17 in Dodging
 54878 | Snake:4  | Reached XP level 19. HP: 174/179 MP: 28/28
 55085 | Snake:2  | Killed Vashnia
 55107 | Snake:2  | Noticed Aizul
 55127 | Snake:2  | Killed Aizul
 55739 | Vaults:1 | Entered Level 1 of the Vaults
 56140 | Vaults:1 | Noticed Jorgrun
 56486 | Vaults:1 | Killed Jorgrun
 56581 | Vaults:1 | Identified the +8 mace of Proximity {crush, MP+9 Str+3 Int-2}
 56582 | Vaults:1 | Noticed Donald
 56625 | Vaults:1 | Killed Donald
 56694 | Vaults:1 | Reached skill level 18 in Dodging
 58725 | Vaults:2 | Found a staircase to the Crypt.
 58725 | Vaults:2 | Found a basalt altar of Yredelemnul.
 58726 | Vaults:2 | Found an ancient bone altar of Kikubaaqudgha.
 59086 | Vaults:2 | Reached skill level 19 in Dodging
 59376 | Vaults:2 | Paralysed by a sphinx for 7 turns
 59585 | Vaults:2 | Paralysed by a sphinx for 4 turns
 59593 | Vaults:1 | Paralysed by a great orb of eyes for 4 turns
 60050 | Vaults:2 | Found Bajuc's Armour Boutique.
 60339 | Vaults:3 | Found a flickering gateway to a bazaar.
 60356 | Bazaar   | Entered a bazaar
 60364 | Bazaar   | Found Kappij's Book Shop.
 60380 | Bazaar   | Found Rublued's General Store.
 60393 | Bazaar   | Found List's Food Boutique.
 60393 | Bazaar   | Found Wizxoliph's Antique Armour Shop.
 60501 | Bazaar   | Bought a book of Enchantments for 350 gold pieces
 60509 | Bazaar   | Learned a level 6 spell: Haste
 60510 | Bazaar   | Bought a book of Beasts for 385 gold pieces
 60519 | Bazaar   | Learned a level 7 spell: Summon Hydra
 60525 | Bazaar   | Cast into level 4 of the Abyss (miscasting Summon Hydra)
 60591 | Abyss:4  | Noticed a hellephant
 60654 | Abyss:4  | Reached skill level 8 in Charms
 60804 | Abyss:4  | Reached XP level 20. HP: 152/187 MP: 23/23
 60810 | Abyss:4  | Found a corrupted altar of Lugonu.
 60817 | Abyss:4  | Found a corrupted altar of Lugonu.
 61056 | Abyss:4  | Got an abyssal rune of Zot
 61690 | Abyss:4  | Found a corrupted altar of Lugonu.
 61699 | Bazaar   | Escaped the Abyss
 61859 | Bazaar   | Gained mutation: You are frail (-10% HP). [mutagenic glow]
 62201 | Bazaar   | Gained mutation: [Your magical capacity is extremely low (-30% MP).] [mutagenic glow]
 62683 | Bazaar   | Gained mutation: [You often lose your temper in combat.] [mutagenic glow]
 63183 | Bazaar   | Quit the game

Vault maps used:
D:1:      dpeg_arrival_sounds_slurp, hangedman_decor_slide_cut, eino_curves_03
D:2:      old_standard_altar, uniq_robin
D:3:      first_bread, minmay_statues_item, uniq_natasha
D:4:      tso_altar
D:5:      fedhas_altar_3, dk_noncrumbling_4, minmay_misc_feat_iff,
          cheibrodos_gnoll_hut
D:6:      old_standard_altar, elyvilon_altar_4, serial_bayou_pond_b
D:7:      trog_ov_bears_minmay, minmay_temple_entry_nine_rooms, grunt_ogre_cave,
          okawaru_trees_1
D:8:      lemuel_coloured_pillars_altar, lemuel_doored_altar,
          grunt_lair_entry_orc_guard_hut
D:9:      minmay_weird_star, lemuel_crystal_altar, overflow_temple_1_default,
          kennysheep_mini, serial_shops, shop, minmay_misc_feat_pillars,
          uniq_psyche
D:10:     serial_shops, kennysheep_mini_moat, kb_lookout_dungeons_type
D:11:     david_orc_4, serial_shops, shop, lemuel_another_geyser
D:12:     nicolae_trove_entry_path_of_doom, kennysheep_generic_room_2,
          uniq_azrael, uniq_erolcha, uniq_rupert, uniq_maurice
D:13:     uniq_kirke, uniq_snorg, uniq_nessos
D:14:     erik_vaults_2
D:15:     hangedman_depths_entry_civil_slaughter
Lair:3:   infiniplex_staircase_pool
Lair:4:   minivault_11, guppyfry_lair_drakes, uniq_harold
Lair:5:   boulder_dual_corridor_run, minmay_shoals_entry_hut, uniq_josephine
Lair:6:   dummy_snake_entry, bobbens_ice_dragon_lair, grunt_megastairs_2
Lair:8:   evil_forest, dpeg_slime_entry_corner, serial_bayou_shore_b
Shoals:1: yaktaur_hedge
Shoals:2: serial_shops, shop
Shoals:3: hangedman_shoal_volcano
Shoals:4: shoals_end_grunt_ice, shoals_ilsuiw_alternative, abandoned_shop,
          nicolae_shoals_circle_sea_wall
Snake:1:  basic_altar, nicolae_snake_lava_pool
Snake:2:  grunt_megastairs_1, uniq_aizul, uniq_vashnia
Snake:3:  uniq_norris
Snake:4:  snake_pit
Orc:2:    pf_orc_diabolical
Vaults:1: hangedman_vaults_snaps, vaults_mumra_chevron, vaults_room_fours,
          grunt_vaults_hallway_short, hangedman_vaults_nails, v_pattern_1,
          nicolae_vaults_ring_of_whatevers, nicolae_vaults_ring_of_whatevers,
          hangedman_vaults_impose, nicolae_vaults_mini_display_case,
          vaults_room_stairs_pillars, uniq_donald, uniq_jorgrun
Vaults:2: vaults_dpeg_cross, v_misc_33, hangedman_vaults_stagger,
          dpeg_vaults_monster_box, st_more_cells, nicolae_vaults_alarming,
          vaults_room_ringed_pool, minmay_crypt_entry_necro_gods,
          vaults_room_stairs_pillars, vaults_room_semicircle, serial_shops, shop
Vaults:3: ontoclasm_vaults_gateway, v_rooms_2, vaults_dpeg_hooks,
          hangedman_vaults_variations, hangedman_vaults_stretched_pinwheel,
          v_misc_4, vaults_room_fancy_cross, nicolae_vaults_little_squares_5,
          hangedman_vaults_trim, st_lines, hangedman_vaults_slice, serial_shops,
          bzr_entry_dummy
Abyss:4:  evilmike_abyss_rune_ettins
Bazaar:   bazaar_jpeg_honeycomb

Vanquished Creatures
  Vashnia Norris Jorgrun Rupert
  2 krakens
  2 eldritch tentacles
  A sphinx
  2 tentacled starspawn
  The ghost of M4edhros the Evocator, an adept FoAr of Fedhas Kirke
  10 greater nagas
  3 vault wardens Ilsuiw
  An orc warlord Aizul
  A balrug Donald
  3 ironheart preservers Nessos
  2 stone giants
  A deep elf demonologist
  2 salamander stormcallers
  A dire elephant Azrael
  2 ettins
  6 merfolk javelineers
  6 merfolk impalers
  5 yaktaur captains
  13 vault guards Snorg Erolcha Josephine Harold
  A great orb of eyes
  24 naga warriors
  2 ice dragons
  The ghost of namelastname112 the Grappler, a journeyman FoMo of Cheibriados
  A rakshasa
  An alligator snapping turtle
  A hell beast
  5 merfolk aquamancers
  2 merfolk avatars
  3 ogre magi
  5 anacondas
  4 centaur warriors
  8 hydras
  14 death yaks
  A satyr
  A deep troll earth mage
  2 tengu warriors
  A thrashing horror
  6 shock serpents
  12 naga sharpshooters
  6 large abominations
  A hell hog
  A soul eater
  5 orc high priests
  2 salamander mystics
  2 deep elf knights
  A wretched star
  2 fire crabs
  6 deep trolls
  8 sea snakes
  A gelid demonspawn
  2 unseen horrors
  A giant orange brain
  A kraken simulacrum
  15 harpies
  5 naga ritualists
  A lindwurm
  A necromancer
  10 hill giants
  2 torturous demonspawn
  5 deep elf archers
  13 orc knights
  10 mana vipers
  A stone giant zombie
  6 ironbrand convokers
  8 ugly things
  5 deep elf magi
  A hornet
  17 salamanders
  14 manticores
  4 wizards
  12 orc sorcerers
  A worldbinder Maurice
  10 fauns
  6 cyclopes
  17 griffons
  6 vault sentinels
  A sixfirhy
  6 water nymphs
  4 elephants
  An octopode (shapeshifter)
  10 sirens
  2 apocalypse crabs Psyche
  4 guardian serpents
  2 smoke demons
  26 naga magi
  40 black mambas
  3 orange demons
  14 spiny frogs
  3 gargoyles
  20 yaktaurs
  10 komodo dragons
  2 human zombies
  2 fire drakes
  A hellwing
  A demonic crawler
  2 tengu conjurers
  3 ice devils
  A jumping spider (shapeshifter)
  An ancient zyme
  A queen bee (shapeshifter)
  34 merfolk
  7 trolls
  The ghost of namelastname112 the Twirler, an amateur DrGl of Elyvilon
  4 red devils
  A guardian mummy
  2 wind drakes
  9 two-headed ogres
  10 blink frogs
  4 slime creatures
  An ettin zombie
  16 snapping turtles
  2 boulder beetles
  A stone giant simulacrum
  3 flying skulls
  A redback
  9 water elementals
  A yak (shapeshifter)
  4 small abominations
  6 wyverns
  3 ynoxinuls
  2 hogs
  46 yaks
  3 hungry ghosts
  5 wraiths
  5 basilisks
  A fire bat
  4 fire elementals
  7 vampire mosquitoes
  16 hippogriffs
  A neqoxec
  2 spatial vortices
  2 mottled dragons
  15 wolves
  9 wargs
  39 nagas
  27 water moccasins
  The ghost of Galewind the Conjurer, an amateur DECj of Vehumet
  4 hell hounds
  2 black bears
  48 orc warriors
  10 porcupines
  An ice beast (shapeshifter)
  3 ice beasts
  5 sky beasts
  2 wasps
  An orc zombie
  An elf zombie
  19 ogres
  16 centaurs
  14 crocodiles
  9 big kobolds
  20 giant frogs
  3 wyvern skeletons
  5 scorpions
  13 killer bees
  8 wights
  An electric eel
  3 giant frog zombies
  12 crimson imps
  4 centaur zombies
  5 lava snakes
  7 centaur skeletons
  3 giant frog skeletons
  7 jellies
  10 hounds
  29 orc priests
  10 iguanas
  6 worker ants
  Natasha (twice)
  26 orc wizards
  10 sheep
  2 hound zombies Robin
  4 gnolls
  10 adders
  57 river rats
  7 shadow imps
  3 white imps
  2 adder skeletons
  3 adder zombies
  5 worms
  4 giant geckos
  109 orcs
  4 giant cockroaches
  11 goblins
  10 hobgoblins
  17 jackals
  7 kobolds
  3 quokkas
  6 ball pythons
  19 bats
  3 giant gecko skeletons
  A giant gecko zombie
  7 giant newts
  A jackal skeleton
  A jackal zombie
  8 rats
  2 bushes
  77 eldritch tentacle segments
  39 fungi
  32 plants
  7 spectral weapons
  10 starspawn tentacles
  7 starspawn tentacle segments
  36 tentacles
  937 tentacle segments
2619 creatures vanquished.
